 Seeded DCSS version 0.29-a0-821-g66395355a5 (webtiles) character file.

Game seed: 20220707 (custom seed)

5 flotson the Sneak (level 1, -2/18 HPs)
             Began as a Demonspawn Delver on July 7, 2022.
             Slain by Natasha (4 damage)
             ... on level 4 of the Dungeon.
             The game lasted 00:02:27 (796 turns).

flotson the Sneak (Demonspawn Delver)                Turns: 796, Time: 00:02:27

Health: -2/18      AC:  3    Str: 12    XL:     1   Next: 66%
Magic:  1/1        EV: 11    Int: 11    God:
Gold:   0          SH:  0    Dex: 14    Spells: 0/0 levels left

rFire   + . .      SeeInvis .   a - +0 spear
rCold   + . .      Faith    .   (no shield)
rNeg    . . .      Spirit   .   b - +0 leather armour
rPois   +          Reflect  .   (no helmet)
rElec   +          Harm     .   (no cloak)
rCorr   +          Rampage  .   (no gloves)
Will    .....                   (no boots)
Stlth   ++........              (no amulet)
HPRegen 0.06/turn               (no ring)
MPRegen 0.07/turn               (no ring)

@: resistant, attractive, slowed, very slow
A: no striking features
a: no special abilities


You were on level 4 of the Dungeon.
You visited 1 branch of the dungeon, and saw 2 of its levels.

Inventory:

Hand Weapons
 a - a +0 spear (weapon)
Missiles
 d - 11 poisoned darts (quivered)
Armour
 b - a +0 leather armour (worn)
Jewellery
 e - a +6 ring of strength
Wands
 g - a wand of digging (2)
Scrolls
 c - a scroll of fog


   Skills:
 + Level 3.0 Fighting
 + Level 0.2(1.1) Axes
 - Level 1.7(1.8) Polearms
 + Level 0.0 Throwing
 + Level 0.1 Armour
 + Level 1.8 Dodging
 + Level 4.5 Stealth
 + Level 0.4 Evocations


You couldn't memorise any spells.
You didn't know any spells.
Your spell library contained the following spells:

 Spells                   Type           Power      Damage    Failure   Level
 Ozocubu's Armour         Ice            0%         N/A       80%         3
 Metabolic Englaciation   Hex/Ice        0%         N/A       100%        5
 Simulacrum               Ice/Necr       0%         N/A       100%        6


Dungeon Overview and Level Annotations

Branches:
Dungeon (5/15)
 Temple: D:4-7

Altars:
Okawaru
Yredelemnul

Annotations:
D:4 Natasha


Message History

Throw: 13 darts (poison)
Press: ? - help, Q - select action Shift-Dir - straight line, f - Natasha
Aim: Natasha (51% to hit)
You throw a poisoned dart.
The poisoned dart barely misses Natasha.
Natasha wildly gestures.
Natasha's front paws start to glow.
Natasha stares at you and mumbles some strange words.
The magic dart hits you.
Natasha howls an incantation.
You feel disoriented. Natasha casts a spell at you.
You feel as though you will be slow longer.
Throw: 12 darts (poison)
Press: ? - help, Q - select action Shift-Dir - straight line, f/p - Natasha
Aim: Natasha (51% to hit)
You throw a poisoned dart. The poisoned dart hits Natasha.
Natasha is poisoned.
You miss Natasha. Natasha closely misses you. x2
You closely miss Natasha. Natasha claws you.
You hit Natasha. You punch Natasha.
Natasha is heavily wounded.
Natasha looks more healthy.
Natasha claws you!
* * * LOW HITPOINT WARNING * * *
Natasha closely misses you.
It was a potion of attraction.
You feel attractive to monsters. Natasha barely misses you.
It was a potion of curing.
You feel better. Natasha claws you. x2
* * * LOW HITPOINT WARNING * * *
It was a potion of resistance.
You feel protected. Natasha closely misses you.
Okay, then.
Unknown command.
Okay, then.
Unknown command.
You closely miss Natasha.
Natasha is severely wounded.
Natasha claws you.
You die...

### ###8### #._._.###
##...##.## ### #≈@≈##..# ###
###.####h##...# #..#
#...##..(#....###...#
#......)#..#...#....#
#####..............>.#
##.#.#.....#................
####.........##..........####..
.#.#..........##.........#
.......)##.................


You could see Natasha.

Vanquished Creatures
  An endoplasm (D:4)
  2 goblins (D:4)
  A ball python (D:4)
  A kobold (D:4)
5 creatures vanquished.

Notes
Turn   | Place    | Note
-------+----------+-------------------------------------------
     0 | D:5      | flotson the Demonspawn Delver began the quest for the Orb.
     0 | D:5      | Reached XP level 1. HP: 18/18 MP: 1/1
    22 | D:5      | Noticed a phantom
    36 | D:5      | Noticed an orc wizard
    36 | D:5      | Noticed an orc priest
    38 | D:5      | Noticed an orc warrior
    43 | D:5      | Noticed an orc priest
    55 | D:4      | Noticed Natasha
    77 | D:4      | Found an iron altar of Okawaru.
    77 | D:4      | Found a basalt altar of Yredelemnul.
   338 | D:4      | Noticed an iguana
   796 | D:4      | Slain by Natasha

Illustrated notes

Levels and vault maps discovered:
D:4:      layout_cave_pools, mainiacjoe_overflow_small_starburst,
          gammafunk_temple_overflow_statue, minmay_temple_entry_statues_pillars,
          uniq_natasha, uniq_duvessa, uniq_grinder, uniq_robin
D:5:      layout_basic, minmay_fractal_squares_diagonal_5

Action                   || total
-------------------------++-------
Melee: Spear             ||    27
       Punch             ||     1
Throw: Dart              ||     2
Evoke: Wand              ||     1
  Use: Potion            ||     4
       Scroll            ||     2
Armor: Leather armour    ||     8
Dodge: Dodged            ||    13

Table legend: (Time is in decaauts)
 A = Elapsed time spent in this place.
 B = Non-inter-level travel time spent in this place.
 C = Inter-level travel time spent in this place.
 D = Time resting spent in this place.
 E = Time spent auto-exploring this place.
 F = Levels seen in this place.
 G = Mean time per level.
                   A        B        C        D        E       F      G
               +--------+--------+--------+--------+--------+-----+--------+
         Total |    784 |    784 |      0 |    610 |     19 |   2 |  392.0 |
       Dungeon |    784 |    784 |      0 |    610 |     19 |   2 |  392.0 |
               +--------+--------+--------+--------+--------+-----+--------+

Top non-repeatable levels by time:
     D:4: 729 daAuts
     D:5: 55 daAuts
